 Dungeon Crawl Stone Soup version 0.29-a0-194-g6e3aafee17 (webtiles) character file.

Game seed: 3627134592723059517

161 ZeroWinrate the Fighter (level 5, 0/51 HPs)
             Began as a Gnoll Wanderer on Feb 21, 2022.
             Slain by an orc
             ... wielding a +0 flail
              (8 damage)
             ... on level 4 of the Dungeon on Feb 22, 2022.
             The game lasted 00:06:59 (3624 turns).

ZeroWinrate the Fighter (Gnoll Wanderer)            Turns: 3624, Time: 00:06:59

Health: 0/51       AC:  2    Str: 11    XL:     5   Next: 42%
Magic:  8/12       EV: 12    Int: 13    God:
Gold:   137        SH:  0    Dex: 12    Spells: 13/14 levels left

rFire   . . .      SeeInvis .   a - +2 hunting sling
rCold   . . .      Faith    .   (no shield)
rNeg    . . .      Spirit   .   b - +0 robe
rPois   .          Reflect  .   (no helmet)
rElec   .          Harm     .   (no cloak)
rCorr   .          Rampage  .   (no gloves)
Will    .....                   (no boots)
Stlth   ++........              (no amulet)
HPRegen 0.17/turn               (no ring)
MPRegen 0.13/turn               (no ring)

@: hasted, very quick
A: fangs 1, strong nose, distributed training
a: no special abilities


You were on level 4 of the Dungeon.
You visited 1 branch of the dungeon, and saw 4 of its levels.

You collected 137 gold pieces.

Inventory:

Hand Weapons
 a - a +2 hunting sling (weapon)
Armour
 b - a +0 robe (worn)
Scrolls
 g - a scroll of vulnerability
Potions
 c - a potion of flight {unknown}
 i - a potion of ambrosia {unknown}
 j - a potion of haste


   Skills:
 + Level 8.6 Fighting
 + Level 1.4 Short Blades
 + Level 1.4 Long Blades
 + Level 1.4 Axes
 + Level 1.4 Maces & Flails
 + Level 1.4 Polearms
 + Level 1.4 Staves
 + Level 3.0 Slings
 + Level 1.4 Bows
 + Level 1.4 Crossbows
 + Level 3.0 Throwing
 + Level 1.4 Armour
 + Level 1.4 Dodging
 + Level 1.4 Stealth
 + Level 1.4 Shields
 + Level 1.4 Unarmed Combat
 + Level 5.2 Spellcasting
 + Level 1.1 Conjurations
 + Level 1.1 Hexes
 + Level 1.1 Summonings
 + Level 1.1 Necromancy
 + Level 1.1 Translocations
 + Level 1.1 Transmutations
 + Level 1.1 Fire Magic
 + Level 3.9 Ice Magic
 + Level 1.1 Air Magic
 + Level 1.1 Earth Magic
 + Level 1.1 Poison Magic
 + Level 1.6 Invocations
 + Level 1.4 Evocations


You had 13 spell levels left.
You knew the following spells:

 Your Spells              Type           Power      Damage    Failure   Level
a - Freeze                Ice            52%        1d7       3%          1

Your spell library contained the following spells:

 Spells                   Type           Power      Damage    Failure   Level
 Ozocubu's Armour         Ice            13%        N/A       11%         3
 Apportation              Tloc           12%        N/A       12%         1
 Summon Ice Beast         Ice/Summ       10%        N/A       54%         4
 Alistair's Intoxication  Tmut/Pois      4%         N/A       97%         5


Dungeon Overview and Level Annotations

Branches:
Dungeon (4/15)
 Temple: D:4-7

Altars:

Shops:
D:2 (

Annotations:
D:4 Edmund


Innate Abilities, Weirdness & Mutations

You have very sharp teeth.
Your uncanny sense of smell can sniff out nearby items.
Your experience applies equally to all skills.


Message History

The orc wizard casts a spell at you. The puff of flame hits you!
* * * LOW HITPOINT WARNING * * *
Unknown command.
Aiming: Freeze (safe; 3% risk of failure)
Press: ? - help, Q - select action Shift-Dir - straight line, f/p - orc
Aim: an orc, wielding a +0 club (moderately wounded)
You freeze the orc.
You kill the orc!
The ball python bites you.
* * * LOW HITPOINT WARNING * * *
The ball python constricts you.
* * * LOW HITPOINT WARNING * * *
The orc wizard hits you with a +0 dagger.
* * * LOW HITPOINT WARNING * * *
The orc wizard gestures wildly while chanting.
The orc wizard flickers and vanishes!
Deactivating autopickup; reactivate with Ctrl-A.
Unknown command.
Unknown command.
Aiming: Freeze (safe; 3% risk of failure)
Press: ? - help, Q - select action Shift-Dir - straight line, f - ball python
Aim: a ball python (constricting you)
You freeze the ball python.
The ball python is severely wounded.
The ball python seems to slow down.
The orc hits you with a +0 club.
* * * LOW HITPOINT WARNING * * *
The ball python bites you but does no damage.
The ball python constricts you. The orc barely misses you.
Unknown command.
Aiming: Freeze (safe; 3% risk of failure)
Press: ? - help, Q - select action Shift-Dir - straight line, f/p - ball python
Aim: a ball python (severely wounded, constricting you, slow)
You freeze the ball python.
You kill the ball python!
The orc wizard hits you but does no damage.
Unknown command.
You closely miss something. The orc hits you with a +0 flail!
You die...

#...o.#..... #....#
#..)........##....#
#...<.......##....#
#......$....##....#
#...........##....#
∆
#......[....##....#
#....##.....##....#
#........o.oO.@...#
#....##..ho@#####.#
#...?######## #.#
######O####
#.........#
####.........#
#######
#............#
g.^....
#.##............
#g.....
#.##.........#..
#......
#.##.........####


You could see Edmund, a black bear, an ogre, an orc wizard and 2 orcs.

Vanquished Creatures
  Terence (D:1)
  An orc wizard (D:3)
  5 adders
  A worm (D:1)
  3 dart slugs
  5 orcs
  2 bats (D:2)
  3 endoplasms
  3 giant cockroaches
  2 hobgoblins
  2 quokkas
  6 ball pythons
  4 frilled lizards
  7 goblins
  A kobold (D:1)
  9 rats
55 creatures vanquished.

Notes
Turn   | Place    | Note
-------+----------+-------------------------------------------
     0 | D:1      | ZeroWinrate the Gnoll Wanderer began the quest for the Orb.
     0 | D:1      | ZeroWinrate set off with the following items: a +1 hunting
                  | sling, a +0 robe; and the following spell memorised:
                  | Freeze; and the following spells available to memorise:
                  | Ozocubu's Armour, Summon Ice Beast
     0 | D:1      | Reached XP level 1. HP: 26/26 MP: 6/6
   284 | D:1      | Reached XP level 2. HP: 33/33 MP: 7/7
   536 | D:1      | Found a faded altar of an unknown god.
  1019 | D:2      | Reached XP level 3. HP: 33/38 MP: 9/9
  1068 | D:2      | Reached skill level 5 in Spellcasting
  1081 | D:2      | Found Kivos's Weapon Boutique.
  1115 | D:2      | Noticed Terence
  1477 | D:1      | Killed Terence
  1478 | D:1      | Reached skill level 1 in Short Blades
  1478 | D:1      | Reached skill level 1 in Long Blades
  1478 | D:1      | Reached skill level 1 in Axes
  1478 | D:1      | Reached skill level 1 in Maces & Flails
  1478 | D:1      | Reached skill level 1 in Polearms
  1478 | D:1      | Reached skill level 1 in Staves
  1478 | D:1      | Reached skill level 1 in Bows
  1478 | D:1      | Reached skill level 1 in Crossbows
  1478 | D:1      | Reached skill level 1 in Armour
  1478 | D:1      | Reached skill level 1 in Dodging
  1478 | D:1      | Reached skill level 1 in Stealth
  1478 | D:1      | Reached skill level 1 in Shields
  1478 | D:1      | Reached skill level 1 in Unarmed Combat
  1478 | D:1      | Reached skill level 1 in Invocations
  1478 | D:1      | Reached skill level 1 in Evocations
  1614 | D:2      | Reached XP level 4. HP: 45/45 MP: 11/11
  2051 | D:2      | Reached skill level 1 in Conjurations
  2051 | D:2      | Reached skill level 1 in Hexes
  2051 | D:2      | Reached skill level 1 in Summonings
  2051 | D:2      | Reached skill level 1 in Necromancy
  2051 | D:2      | Reached skill level 1 in Translocations
  2051 | D:2      | Reached skill level 1 in Transmutations
  2051 | D:2      | Reached skill level 1 in Fire Magic
  2051 | D:2      | Reached skill level 1 in Air Magic
  2051 | D:2      | Reached skill level 1 in Earth Magic
  2051 | D:2      | Reached skill level 1 in Poison Magic
  2056 | D:2      | Upgraded the game from 0.29-a0-187-ga23d9638d5 to
                  | 0.29-a0-194-g6e3aafee17
  2524 | D:3      | Reached XP level 5. HP: 51/51 MP: 12/12
  3151 | D:4      | Noticed a black bear
  3212 | D:4      | Noticed Edmund
  3212 | D:4      | Noticed an ogre
  3624 | D:4      | Slain by an orc

Illustrated notes

Levels and vault maps discovered:
D:1:      ncdulo_smallfort, layout_loops_ring,
          dreamdust_ecumenical_altar_statues
D:2:      layout_basic, serial_shops, nicolae_shop_bloodbath_and_beyond,
          uniq_terence
D:3:      layout_basic, nicolae_overflow_hidden_temple, st_stairs_9
D:4:      layout_basic, minmay_temple_entry_hall, uniq_menkaure, uniq_edmund

Skill      XL: |  1  2  3  4  5 |
---------------+----------------+-----
Spellcasting   | 5 |  5.2
Short Blades   | 1 |  1.4
Long Blades    | 1 |  1.4
Axes           | 1 |  1.4
Maces & Flails | 1 |  1.4
Polearms       | 1 |  1.4
Staves         | 1 |  1.4
Bows           | 1 |  1.4
Crossbows      | 1 |  1.4
Armour         | 1 |  1.4
Dodging        | 1 |  1.4
Stealth        | 1 |  1.4
Shields        | 1 |  1.4
Unarmed Combat | 1 |  1.4
Invocations    | 1 |  1.6
Evocations     | 1 |  1.4
Conjurations   | 1 |  1.1
Hexes          | 1 |  1.1
Summonings     | 1 |  1.1
Necromancy     | 1 |  1.1
Translocations | 1 |  1.1
Transmutations | 1 |  1.1
Fire Magic     | 1 |  1.1
Air Magic      | 1 |  1.1
Earth Magic    | 1 |  1.1
Poison Magic   | 1 |  1.1
Slings         | 3 |  3.0
Throwing       | 3 |  3.0
Fighting       | |  8.6
Ice Magic      | |  3.9

Action                   |  1- 3 |  4- 6 || total
-------------------------+-------+-------++-------
Melee: Hunting sling     |       |     4 ||     4
 Fire: Hunting sling     |    88 |   110 ||   198
 Cast: Freeze            |       |     5 ||     5
  Use: Scroll            |     2 |     4 ||     6
       Potion            |       |     5 ||     5
Armor: Robe              |     3 |    14 ||    17
Dodge: Dodged            |    14 |    48 ||    62

Table legend: (Time is in decaauts)
 A = Elapsed time spent in this place.
 B = Non-inter-level travel time spent in this place.
 C = Inter-level travel time spent in this place.
 D = Time resting spent in this place.
 E = Time spent auto-exploring this place.
 F = Levels seen in this place.
 G = Mean time per level.
                   A        B        C        D        E       F      G
               +--------+--------+--------+--------+--------+-----+--------+
         Total |   3679 |   3472 |    207 |    772 |   2162 |   4 |  919.8 |
       Dungeon |   3679 |   3472 |    207 |    772 |   2162 |   4 |  919.8 |
               +--------+--------+--------+--------+--------+-----+--------+

Top non-repeatable levels by time:
     D:1: 1302 daAuts
     D:2: 1216 daAuts
     D:3: 1111 daAuts
     D:4: 48 daAuts
